[Event "7th Leer Open-B 2024"]
[Site "Leer"]
[Date "2024.10.31"]
[Round "1.1"]
[White "Wibmer, Michael"]
[Black "Goerzen, Lina"]
[Result "1-0"]
[ECO "B76"]
[WhiteElo "1831"]
[BlackElo "1667"]
[Annotator "NA RC"]
[PlyCount "49"]
[EventDate "2024.10.14"]
[EventType "swiss"]
[EventCountry "GER"]
[SourceTitle "playchess.com"]
[Source "ChessBase"]
[SourceQuality "1"]
[TimeControl "40/5400+30:900+30"]

1. e4 c5 2. Nf3 d6 3. d4 cxd4 4. Nxd4 Nf6 5. Nc3 g6 6. Be3 Bg7 7. f3 O-O 8. Qd2 Nc6 9. g4 Be6 10. Nxe6 fxe6 11. O-O-O Rc8 12. h4 Ne5 13. Be2 Nfd7 14. Bh6 Nxf3 15. Bxf3 Rxf3 16. Bxg7 Kxg7 17. h5 Qf8 18. Ne2 e5 19. hxg6 hxg6 20. Kb1 Rf2 21. Qe3 Nc5 22. Nc3 Qf4 23. Qh3 Qf7 24. Qh6+ Kf6 25. g5+ 1-0

[Event "7th Leer Open-B 2024"]
[Site "Leer"]
[Date "2024.10.31"]
[Round "1.1"]
[White "Kutz, Paul Matti"]
[Black "Sparding, Norbert"]
[Result "1-0"]
[ECO "C47"]
[WhiteElo "1741"]
[BlackElo "1557"]
[Annotator "NA RC"]
[PlyCount "47"]
[EventDate "2024.10.14"]
[EventType "swiss"]
[EventCountry "GER"]
[SourceTitle "playchess.com"]
[Source "ChessBase"]
[SourceQuality "1"]
[TimeControl "40/5400+30:900+30"]

1. e4 Nf6 2. Nc3 e5 3. Nf3 Nc6 4. d4 exd4 5. Nxd4 Bb4 6. Nxc6 bxc6 7. Bd3 a5 8. Bg5 h6 9. Bh4 d6 10. O-O Bxc3 11. bxc3 O-O 12. h3 Re8 13. Qf3 g5 14. Bg3 Ba6 15. Rfe1 c5 16. e5 Nd7 17. Be4 Rb8 18. Qf5 Nxe5 19. Qh7+ Kf8 20. Qxh6+ Ke7 21. Qxg5+ Kd7 22. Qf5+ Re6 23. Bxe5 dxe5 24. Rad1+ 1-0

[Event "7th Leer Open-B 2024"]
[Site "Leer"]
[Date "2024.10.31"]
[Round "1.1"]
[White "Nafati, Meryem"]
[Black "Drozd, Maciej"]
[Result "*"]
[ECO "C47"]
[WhiteElo "1559"]
[BlackElo "1752"]
[Annotator "NA RC"]
[PlyCount "41"]
[EventDate "2024.10.14"]
[EventType "swiss"]
[EventCountry "GER"]
[SourceTitle "playchess.com"]
[Source "ChessBase"]
[SourceQuality "1"]
[TimeControl "40/5400+30:900+30"]

1. e4 Nf6 2. Nc3 e5 3. Nf3 Nc6 4. d4 exd4 5. Nxd4 Bb4 6. Nxc6 bxc6 7. Bd3 a5 8. Bg5 h6 9. Bh4 d6 10. O-O Bxc3 11. bxc3 O-O 12. h3 Re8 13. Qf3 g5 14. Bg3 Ba6 15. Rfe1 c5 16. e5 Nd7 17. Be4 Rb8 18. Qf5 Nxe5 19. Qh7+ Kf8 20. Qxh6+ Ke7 21. Qxg5+ *

[Event "7th Leer Open-B 2024"]
[Site "Leer"]
[Date "2024.10.31"]
[Round "1.2"]
[White "Kutz, Paul Matti"]
[Black "Sparding, Norbert"]
[Result "*"]
[ECO "C54"]
[WhiteElo "1741"]
[BlackElo "1557"]
[Annotator "NA RC"]
[PlyCount "24"]
[EventDate "2024.10.14"]
[EventType "swiss"]
[EventCountry "GER"]
[SourceTitle "playchess.com"]
[Source "ChessBase"]
[SourceQuality "1"]
[TimeControl "40/5400+30:900+30"]

1. e4 e5 2. Nf3 Nc6 3. Bc4 Bc5 4. c3 Nf6 5. d4 exd4 6. O-O Nxe4 7. Re1 d5 8. cxd4 Bb4 9. Bd2 O-O 10. Bxb4 Nxb4 11. Qb3 dxc4 12. Qxc4 Nxf2 *

[Event "7th Leer Open-B 2024"]
[Site "Leer"]
[Date "2024.10.31"]
[Round "1.2"]
[White "Grabowski, Joshua"]
[Black "Wiege, Matthias"]
[Result "1-0"]
[ECO "B33"]
[WhiteElo "1623"]
[BlackElo "1829"]
[Annotator "NA RC"]
[PlyCount "43"]
[EventDate "2024.10.14"]
[EventType "swiss"]
[EventCountry "GER"]
[SourceTitle "playchess.com"]
[Source "ChessBase"]
[SourceQuality "1"]
[TimeControl "40/5400+30:900+30"]

1. e4 c5 2. Nf3 Nc6 3. d4 cxd4 4. Nxd4 Nf6 5. f3 e5 6. Nb5 {[%emt 0:01:01] B33: Sicilian: Pelikan and Sveshnikov Variations.} d5 7. exd5 Nxd5 8. Qxd5 Qb6 9. Nd6+ Bxd6 10. Qxd6 Bf5 11. Bd3 Rd8 12. Qa3 Bxd3 13. cxd3 Nb4 14. Qa4+ Rd7 15. Ke2 Nxd3 16. Be3 Qxb2+ 17. Nd2 Qc3 18. Rab1 (18. Bxa7 $2 Nf4+ $19) 18... Nf4+ 19. Kf2 Qd3 20. Rhe1 g5 $2 (20... O-O 21. Bxf4 (21. Qxa7 Qc2 $14) 21... exf4) 21. Rxb7 Kd8 22. Rb8+ $18 (22. Qa5+ $142 Ke8 23. Qxe5+ (23. Rxa7 Rxa7 24. Qxa7 Kf8 $18) 23... Ne6 24. Qxh8+ Ke7 25. Bc5+ (25. Rxa7 Rxa7 26. Bxg5+ Kd6 $18) 25... Qd6 26. Bxd6+ Kxd6 27. Ne4+ Kc6 28. Qc3+ (28. Qc8+ Rc7 29. Qe8+ Kd5 30. Rd1+ Ke5 31. Rb5+ Rc5 32. Rxc5+ Kf4 33. Qxf7#) 28... Nc5 29. Qxc5+ (29. Rxd7 Kxd7 30. Qxc5 h6 31. Nf6+ Kd8 32. Re8#) 29... Kxb7 30. Rb1+ Ka8 31. Qc8#) 1-0

[Event "7th Leer Open-B 2024"]
[Site "Leer"]
[Date "2024.10.31"]
[Round "1.2"]
[White "Schenk, Quentin Alexander"]
[Black "Lauenstein, Nico"]
[Result "0-1"]
[ECO "C54"]
[WhiteElo "1554"]
[BlackElo "1732"]
[Annotator "NA RC"]
[PlyCount "30"]
[EventDate "2024.10.14"]
[EventType "swiss"]
[EventCountry "GER"]
[SourceTitle "playchess.com"]
[Source "ChessBase"]
[SourceQuality "1"]
[TimeControl "40/5400+30:900+30"]

1. e4 e5 2. Nf3 Nc6 3. Bc4 Bc5 4. c3 Nf6 5. d4 exd4 6. O-O Nxe4 7. Re1 d5 8. cxd4 Bb4 9. Bd2 O-O 10. Bxb4 Nxb4 11. Qb3 dxc4 12. Qxc4 Nxf2 13. Kxf2 Nd5 14. Re5 Be6 15. Nc3 Ne3 0-1

[Event "7th Leer Open-B 2024"]
[Site "Leer"]
[Date "2024.10.31"]
[Round "1.3"]
[White "Wernke-Schmiesing, Sebastian"]
[Black "Junge, Julia Marie"]
[Result "1-0"]
[ECO "E11"]
[WhiteElo "1808"]
[BlackElo "1625"]
[Annotator "NA RC"]
[PlyCount "161"]
[EventDate "2024.10.14"]
[EventType "swiss"]
[EventCountry "GER"]
[SourceTitle "playchess.com"]
[Source "ChessBase"]
[SourceQuality "1"]
[TimeControl "40/5400+30:900+30"]

1. d4 e6 2. c4 Nf6 3. g3 d5 4. Bg2 Bb4+ 5. Bd2 Qe7 6. Nf3 O-O 7. O-O Bxd2 8. Nbxd2 c5 {[%emt 0:01:06] E11: Bogo-Indian.} 9. Qc2 cxd4 10. Nxd4 e5 11. Nb5 a6 12. Nc3 d4 13. Nd5 Nxd5 14. cxd5 Bd7 15. Rac1 f5 16. Qb3 Qf7 17. Qxb7 Bb5 18. Rc7 Nd7 19. d6 e4 20. Rfc1 Rab8 21. Qa7 Ra8 22. Qxd4 Qxa2 23. Nxe4 Rad8 24. Nc5 Nf6 25. Ne6 Qxe6 26. Rd1 Rf7 27. Qa7 Rxc7 28. Qxc7 Qd7 29. Qb6 Ne8 30. Bd5+ Kh8 31. Be6 Qxe6 32. Qxd8 Bd7 33. e3 h6 34. Rd4 Kh7 35. b4 Nf6 36. Qc7 Ng4 37. Qc2 Ne5 38. Kg2 Bc6+ 39. Kf1 Nf3 40. Rf4 Nxh2+ 41. Ke2 Be4 42. Qd2 Qc4+ 43. Kd1 Qf1+ 44. Qe1 Bc2+ 45. Kd2 Qd3+ 46. Kc1 Ba4 47. Qd2 Qf1+ 48. Kb2 Qb5 49. d7 Qxd7 50. Qxd7 Bxd7 51. Rd4 Bb5 52. e4 Nf3 53. Rd6 fxe4 54. Re6 Bd3 55. Kc3 Kg8 56. Re7 Kh7 57. Re6 g6 58. Re7+ Kg8 59. Rc7 Ng5 60. Rd7 Bb5 61. Rb7 Nh3 62. Rb6 Kf7 63. Kd4 Nxf2 64. Ke3 Nd3 65. Kxe4 Nxb4 66. Ke5 Nc6+ 67. Kf4 Kf6 68. Rb7 g5+ 69. Ke3 a5 70. Rxb5 Ke6 71. Ke4 a4 72. Rb6 Kd7 73. Ra6 h5 74. Rxa4 h4 75. g4 $18 Nd8 76. Kf5 h3 77. Ra3 Nf7 78. Rxh3 Ke7 79. Rh7 Ke8 80. Kf6 Nd6 81. Ke6 1-0

[Event "7th Leer Open-B 2024"]
[Site "Leer"]
[Date "2024.10.31"]
[Round "1.3"]
[White "Nechitaylo, Lev"]
[Black "Kutz, Henning Jasper"]
[Result "1/2-1/2"]
[ECO "C50"]
[WhiteElo "1732"]
[BlackElo "1547"]
[Annotator "NA RC"]
[PlyCount "96"]
[EventDate "2024.10.14"]
[EventType "swiss"]
[EventCountry "GER"]
[SourceTitle "playchess.com"]
[Source "ChessBase"]
[SourceQuality "1"]
[TimeControl "40/5400+30:900+30"]

1. e4 e5 2. Nf3 Nc6 3. Nc3 Bc5 4. Bc4 Nf6 5. d3 h6 6. Be3 Bxe3 7. fxe3 O-O 8. O-O d6 9. d4 exd4 10. exd4 Bg4 11. e5 dxe5 12. dxe5 Qxd1 13. Raxd1 Bxf3 14. gxf3 Nxe5 15. Bb3 Rad8 16. Kg2 Rxd1 17. Rxd1 Nh5 18. Nd5 c6 19. Nc3 Nf4+ 20. Kf2 Ne6 21. Re1 Ng6 22. Bxe6 fxe6 23. Rxe6 Nh4 24. Re3 Nf5 25. Rd3 Nh4 26. Ne4 Ng6 27. Nd2 Ne5 28. Rb3 Rf7 29. Rc3 Ng4+ 30. Kg3 Ne5 31. Nc4 Nxc4 32. Rxc4 g5 33. Rd4 h5 34. Rd6 Kg7 35. Rd3 Re7 36. h4 gxh4+ 37. Kxh4 Kg6 38. c4 Rf7 39. b4 Rf4+ 40. Kg3 Rxc4 41. a3 Kg5 42. Rd7 h4+ 43. Kg2 Rc2+ 44. Kh3 Rc3 45. Kg2 Rxa3 46. Rxb7 a5 47. b5 cxb5 48. Rxb5+ Kf4 1/2-1/2

[Event "7th Leer Open-B 2024"]
[Site "Leer"]
[Date "2024.10.31"]
[Round "1.3"]
[White "Schenk, Quentin Alexander"]
[Black "Lauenstein, Nico"]
[Result "*"]
[ECO "C50"]
[WhiteElo "1554"]
[BlackElo "1732"]
[Annotator "NA RC"]
[PlyCount "47"]
[EventDate "2024.10.14"]
[EventType "swiss"]
[EventCountry "GER"]
[SourceTitle "playchess.com"]
[Source "ChessBase"]
[SourceQuality "1"]
[TimeControl "40/5400+30:900+30"]

1. e4 e5 2. Nf3 Nc6 3. Nc3 Bc5 4. Bc4 Nf6 5. d3 h6 6. Be3 Bxe3 7. fxe3 O-O 8. O-O d6 9. d4 exd4 10. exd4 Bg4 11. e5 dxe5 12. dxe5 Qxd1 13. Raxd1 Bxf3 14. gxf3 Nxe5 15. Bb3 Rad8 16. Kg2 Rxd1 17. Rxd1 Nh5 18. Nd5 c6 19. Nc3 Nf4+ 20. Kf2 Ne6 21. Re1 Ng6 22. Bxe6 fxe6 23. Rxe6 Nh4 24. Re3 *

[Event "7th Leer Open-B 2024"]
[Site "Leer"]
[Date "2024.10.31"]
[Round "1.4"]
[White "Lueders Vega, Iago Ernst"]
[Black "Witte, Volker"]
[Result "0-1"]
[ECO "B11"]
[WhiteElo "1578"]
[BlackElo "1803"]
[Annotator "NA RC"]
[PlyCount "134"]
[EventDate "2024.10.14"]
[EventType "swiss"]
[EventCountry "GER"]
[SourceTitle "playchess.com"]
[Source "ChessBase"]
[SourceQuality "1"]
[TimeControl "40/5400+30:900+30"]

1. e4 c6 2. Nc3 d5 3. Nf3 dxe4 4. Nxe4 Bf5 5. Ng3 Bg6 6. h4 h6 7. Ne5 Bh7 8. Qh5 g6 9. Bc4 e6 10. Qf3 {[%emt 0:01:48] B11: Caro-Kann: Twee Paarden Variant.} Qf6 11. Qxf6 Nxf6 12. d4 Nbd7 13. Nxd7 Nxd7 14. Bf4 O-O-O 15. O-O-O Nb6 16. Be2 Nd5 17. Bd2 Bg7 18. c3 e5 19. dxe5 Bxe5 20. Bxh6 Bf4+ 21. Bxf4 Nxf4 22. Bf3 Nd3+ 23. Kc2 Nxf2 24. Rxd8+ Rxd8 25. Rf1 g5+ 26. Kb3 gxh4 27. Rxf2 hxg3 28. Rf1 f5 29. Re1 Bg8+ 30. Ka3 Rf8 31. Re7 f4 32. Bg4+ Kb8 33. b3 Bd5 34. Bh3 c5 35. c4 Bc6 36. Rg7 b6 37. Rg4 Bb7 38. Rg7 Rh8 39. Rg6 f3 40. Rd6 f2 41. Rf6 Rxh3 42. Rf8+ Bc8 43. gxh3 g2 44. Rxf2 g1=Q 45. Rf7 Qc1+ 46. Ka4 Bxh3 47. a3 Qc3 48. b4 Qxc4 49. Rb7+ Kc8 50. Rc7+ Kd8 51. Rc8+ Ke7 52. Re8+ Kd6 53. Rd8+ Ke5 54. Re8+ Kd4 55. Re4+ Kc3 56. Re3+ Qd3 57. b5 {[%emt 0:00:00] [#]} Kd2 58. Rxd3+ Kxd3 59. Kb3 c4+ 60. Ka4 Kd2 61. Kb4 c3 62. a4 c2 63. a5 c1=Q 64. axb6 axb6 65. Ka4 Qb1 66. Ka3 Kc3 67. Ka4 Qb4# 0-1

[Event "7th Leer Open-B 2024"]
[Site "Leer"]
[Date "2024.10.31"]
[Round "1.4"]
[White "Wilmink, Marion"]
[Black "Neumann, Hannes"]
[Result "1/2-1/2"]
[ECO "B45"]
[WhiteElo "1545"]
[BlackElo "1731"]
[Annotator "NA RC"]
[PlyCount "49"]
[EventDate "2024.10.14"]
[EventType "swiss"]
[EventCountry "GER"]
[SourceTitle "playchess.com"]
[Source "ChessBase"]
[SourceQuality "1"]
[TimeControl "40/5400+30:900+30"]

1. e4 c5 2. Nf3 e6 3. d4 cxd4 4. Nxd4 Nf6 5. Nc3 Nc6 6. Nxc6 bxc6 7. Bg5 Qa5 8. Bxf6 gxf6 9. a3 Rg8 10. f4 Qb6 11. Qc1 Bh6 12. g3 e5 13. Ne2 Rb8 14. b4 c5 15. Rb1 a5 16. b5 Bb7 17. Nc3 Qd6 18. Qd1 Qxd1+ 19. Rxd1 exf4 20. Bh3 fxg3 21. Bxd7+ Ke7 22. Bc6 Bxc6 23. bxc6 g2 24. Nd5+ Kf8 25. Rg1 1/2-1/2

[Event "7th Leer Open-B 2024"]
[Site "Leer"]
[Date "2024.10.31"]
[Round "1.5"]
[White "Domschke, Stephan"]
[Black "Schlueter, Ulrike"]
[Result "1-0"]
[ECO "A45"]
[WhiteElo "1797"]
[BlackElo "1647"]
[Annotator "NA RC"]
[PlyCount "35"]
[EventDate "2024.10.14"]
[EventType "swiss"]
[EventCountry "GER"]
[SourceTitle "playchess.com"]
[Source "ChessBase"]
[SourceQuality "1"]
[TimeControl "40/5400+30:900+30"]

1. d4 Nf6 2. Bf4 g6 3. Nc3 c6 4. Qd2 d5 5. f3 Bg7 6. Bh6 O-O 7. h4 Qd6 8. O-O-O Nbd7 9. g4 Ne8 10. h5 b5 11. hxg6 Qxg6 12. Bxg7 Qxg7 13. e4 b4 14. Nb1 a5 15. e5 Nb6 16. b3 Nc7 17. Bd3 Rd8 18. Rxh7 1-0

[Event "7th Leer Open-B 2024"]
[Site "Leer"]
[Date "2024.10.31"]
[Round "1.5"]
[White "Aleanakian, Gabriel"]
[Black "Greiner, Jan Oluf"]
[Result "1/2-1/2"]
[ECO "D07"]
[WhiteElo "1721"]
[BlackElo "1539"]
[Annotator "NA RC"]
[PlyCount "84"]
[EventDate "2024.10.14"]
[EventType "swiss"]
[EventCountry "GER"]
[SourceTitle "playchess.com"]
[Source "ChessBase"]
[SourceQuality "1"]
[TimeControl "40/5400+30:900+30"]

1. Nf3 d5 2. d4 Nc6 3. c4 Nf6 4. cxd5 Nxd5 5. e4 Nb6 6. Nc3 Bg4 7. d5 Ne5 8. Bb5+ Ned7 9. O-O a6 10. Be2 g6 11. h3 Bxf3 12. Bxf3 Bg7 13. Rb1 Ne5 14. Be2 Qd6 15. Be3 O-O 16. Qc1 e6 17. Rd1 Rfd8 18. f4 Nec4 19. Bf2 Bh6 20. g3 e5 21. Bxc4 Nxc4 22. Ne2 b5 23. b3 Nb6 24. Be3 exf4 25. Bxf4 Bxf4 26. Qxf4 Qxf4 27. gxf4 Re8 28. Ng3 h5 29. Rbc1 h4 30. Nf1 Rxe4 31. Rxc7 Rd8 32. d6 Kg7 33. Rc6 Nd7 34. Rxa6 Rxf4 35. Ne3 Re4 36. Nd5 Re5 37. Ne7 Kf8 38. Nc6 Rg5+ 39. Kh2 Re8 40. Rd2 Nc5 41. Ra7 Ne4 42. Rd4 Nxd6 1/2-1/2

[Event "7th Leer Open-B 2024"]
[Site "Leer"]
[Date "2024.10.31"]
[Round "1.5"]
[White "Wilmink, Marion"]
[Black "Neumann, Hannes"]
[Result "*"]
[ECO "D07"]
[WhiteElo "1545"]
[BlackElo "1731"]
[Annotator "NA RC"]
[PlyCount "27"]
[EventDate "2024.10.14"]
[EventType "swiss"]
[EventCountry "GER"]
[SourceTitle "playchess.com"]
[Source "ChessBase"]
[SourceQuality "1"]
[TimeControl "40/5400+30:900+30"]

1. Nf3 d5 2. d4 Nc6 3. c4 Nf6 4. cxd5 Nxd5 5. e4 Nb6 6. Nc3 Bg4 7. d5 Ne5 8. Bb5+ Ned7 9. O-O a6 10. Be2 g6 11. h3 Bxf3 12. Bxf3 Bg7 13. Rb1 Ne5 14. Be2 *

[Event "7th Leer Open-B 2024"]
[Site "Leer"]
[Date "2024.10.31"]
[Round "1.6"]
[White "Demiroers, Emre"]
[Black "Kopylov, Diana"]
[Result "1-0"]
[ECO "C01"]
[WhiteElo "1614"]
[BlackElo "1787"]
[Annotator "NA RC"]
[PlyCount "109"]
[EventDate "2024.10.14"]
[EventType "swiss"]
[EventCountry "GER"]
[SourceTitle "playchess.com"]
[Source "ChessBase"]
[SourceQuality "1"]
[TimeControl "40/5400+30:900+30"]

1. e4 e6 2. d4 d5 3. exd5 exd5 4. Bd3 Bd6 5. Nc3 Ne7 6. Nge2 Nbc6 7. Nb5 Bb4+ 8. Bd2 Bxd2+ 9. Qxd2 a6 10. Nbc3 Nb4 11. Ng3 Nxd3+ 12. Qxd3 Be6 13. Nce2 Qd6 14. f4 g6 15. O-O-O h5 16. Rde1 h4 17. Nf1 Bf5 18. Qb3 O-O-O 19. Nd2 Nc6 20. c3 Rde8 21. Nf3 f6 22. Qd1 Be4 23. Rhf1 Na5 24. g3 Nc4 25. Neg1 hxg3 26. hxg3 Bf5 27. Rxe8+ Rxe8 28. Re1 Ne3 29. Qd2 Qe7 30. Nh4 Qe4 31. Nxf5 gxf5 32. Nh3 Kd7 33. Nf2 Qf3 34. Qe2 Qxg3 35. Nd1 Qxf4 36. Nxe3 Qe4 37. Qc2 Qf3 38. Qg2 Rxe3 39. Qg7+ Ke6 40. Qg8+ Kd6 41. Qd8+ Kc6 42. Qxf6+ Kb5 43. Rxe3 Qxe3+ 44. Kc2 f4 45. Qf7 Qe4+ 46. Kb3 Kc6 47. Qf6+ Kd7 48. Qf7+ Kd6 49. Qf6+ Kd7 50. Qf7+ Kc6 51. Qf6+ Kb5 52. a4+ Ka5 53. Ka3 c6 54. Qd8+ b6 55. b4# 1-0

[Event "7th Leer Open-B 2024"]
[Site "Leer"]
[Date "2024.10.31"]
[Round "1.7"]
[White "Fuchs, Stefan"]
[Black "Schenk, Michael"]
[Result "1-0"]
[ECO "A22"]
[WhiteElo "2178"]
[BlackElo "1643"]
[Annotator "RC"]
[PlyCount "53"]
[EventDate "2024.10.14"]
[EventType "swiss"]
[EventCountry "GER"]
[SourceTitle "playchess.com"]
[Source "ChessBase"]
[SourceQuality "1"]
[TimeControl "40/5400+30:900+30"]

1. c4 e5 2. Nc3 Nf6 3. g3 Bc5 4. Nf3 d6 5. Bg2 c6 6. O-O O-O 7. d3 h6 8. e3 Bg4 9. h3 Be6 10. b3 Qc8 11. Kh2 Nbd7 12. d4 Bb4 13. Bb2 e4 14. Nd2 d5 15. f3 exf3 16. Qxf3 Nh7 17. e4 Ng5 18. Qf4 dxe4 19. Ndxe4 Bxc3 20. Bxc3 Nxe4 21. Qxe4 Nf6 22. Qh4 Qd8 23. d5 cxd5 24. Rxf6 gxf6 25. Bxf6 Qb6 26. Qxh6 dxc4 27. Qg7# 1-0

[Event "7th Leer Open-B 2024"]
[Site "Leer"]
[Date "2024.10.31"]
[Round "1.7"]
[White "Yildiz, Oemer"]
[Black "Krause, Volker"]
[Result "1-0"]
[ECO "D13"]
[WhiteElo "1720"]
[BlackElo "1517"]
[Annotator "NA RC"]
[PlyCount "55"]
[EventDate "2024.10.14"]
[EventType "swiss"]
[EventCountry "GER"]
[SourceTitle "playchess.com"]
[Source "ChessBase"]
[SourceQuality "1"]
[TimeControl "40/5400+30:900+30"]

1. c4 c6 2. Nc3 d5 3. cxd5 cxd5 4. d4 Nf6 5. Bg5 Nc6 6. Nf3 Bf5 7. e3 e6 8. Bb5 Be7 9. O-O O-O 10. a3 a6 11. Bd3 b5 12. Bxf5 exf5 13. Rc1 Qd7 14. Ne5 Qd6 15. Nxb5 axb5 16. Rxc6 Qd8 17. Qb3 h6 18. Bf4 Nh5 19. Rfc1 Nxf4 20. exf4 f6 21. Ng6 Re8 22. Re1 Rb8 23. Rce6 Rb7 24. Nxe7+ Rexe7 25. Rxe7 Rxe7 26. Rxe7 Qxe7 27. Qxd5+ Qf7 28. Qxb5 1-0

[Event "7th Leer Open-B 2024"]
[Site "Leer"]
[Date "2024.10.31"]
[Round "1.8"]
[White "Yildiz, Oemer"]
[Black "Krause, Volker"]
[Result "*"]
[ECO "B12"]
[WhiteElo "1720"]
[BlackElo "1517"]
[Annotator "NA RC"]
[PlyCount "31"]
[EventDate "2024.10.14"]
[EventType "swiss"]
[EventCountry "GER"]
[SourceTitle "playchess.com"]
[Source "ChessBase"]
[SourceQuality "1"]
[TimeControl "40/5400+30:900+30"]

1. e4 c6 2. d4 d5 3. f3 dxe4 4. fxe4 e5 5. Nf3 Bg4 6. Be2 Bxf3 7. Bxf3 Qxd4 8. Qxd4 exd4 9. O-O Bc5 10. Kh1 Nd7 11. Bf4 O-O-O 12. Nd2 Be7 13. Rad1 g5 14. Bg3 h5 15. Bf2 g4 16. Bxd4 *

[Event "7th Leer Open-B 2024"]
[Site "Leer"]
[Date "2024.10.31"]
[Round "1.8"]
[White "Knorr, Frank"]
[Black "Schroeder, Harm"]
[Result "0-1"]
[ECO "A25"]
[WhiteElo "1641"]
[BlackElo "1781"]
[Annotator "NA RC"]
[PlyCount "64"]
[EventDate "2024.10.14"]
[EventType "swiss"]
[EventCountry "GER"]
[SourceTitle "playchess.com"]
[Source "ChessBase"]
[SourceQuality "1"]
[TimeControl "40/5400+30:900+30"]

1. c4 e5 2. Nc3 Nc6 3. g3 Nf6 4. Bg2 Be7 5. e4 d6 6. Nge2 Bg4 7. O-O O-O 8. h3 Be6 9. d3 Qc8 10. Kh2 Nd7 11. Nd5 f5 12. f4 Bd8 13. exf5 Bxf5 14. g4 Be6 15. f5 Bf7 16. Ng3 Nd4 17. Ne4 Bxd5 18. cxd5 Nb6 19. Ng5 Bxg5 20. Bxg5 Nd7 21. Rc1 h6 22. Be7 Re8 23. Bxd6 c6 24. dxc6 bxc6 25. Bc5 Nxc5 26. Rxc5 Qa6 27. Re1 Qxa2 28. Rxc6 Rab8 29. Rc7 Rxb2 30. Rg1 Ne2 31. Rf1 Nf4 32. Rxf4 Rxg2+ 0-1

[Event "7th Leer Open-B 2024"]
[Site "Leer"]
[Date "2024.10.31"]
[Round "1.8"]
[White "Rabe, Elina"]
[Black "Juergenpott, Maximilian"]
[Result "0-1"]
[ECO "B12"]
[WhiteElo "1515"]
[BlackElo "1678"]
[Annotator "NA RC"]
[PlyCount "66"]
[EventDate "2024.10.14"]
[EventType "swiss"]
[EventCountry "GER"]
[SourceTitle "playchess.com"]
[Source "ChessBase"]
[SourceQuality "1"]
[TimeControl "40/5400+30:900+30"]

1. e4 c6 2. d4 d5 3. f3 dxe4 4. fxe4 e5 5. Nf3 Bg4 6. Be2 Bxf3 7. Bxf3 Qxd4 8. Qxd4 exd4 9. O-O Bc5 10. Kh1 Nd7 11. Bf4 O-O-O 12. Nd2 Be7 13. Rad1 g5 14. Bg3 h5 15. Bf2 g4 16. Bxd4 Ndf6 17. Bxf6 Bxf6 18. Be2 Bxb2 19. Rxf7 Nf6 20. Nc4 Rxd1+ 21. Bxd1 Bc3 22. Nd6+ Kb8 23. Rxb7+ Ka8 24. Rc7 Rd8 25. Rxc6 Nxe4 26. Be2 Rxd6 27. Rc4 Rd4 28. Rc8+ Kb7 29. Rh8 Rd2 30. Rh7+ Kb6 31. Bf1 Rd1 32. Rf7 Nf6 33. g3 Rxf1+ 0-1

[Event "7th Leer Open-B 2024"]
[Site "Leer"]
[Date "2024.10.31"]
[Round "1.9"]
[White "Voigt, Dominik"]
[Black "Kandora, William"]
[Result "1-0"]
[ECO "C42"]
[WhiteElo "1781"]
[BlackElo "1631"]
[Annotator "NA RC"]
[PlyCount "103"]
[EventDate "2024.10.14"]
[EventType "swiss"]
[EventCountry "GER"]
[SourceTitle "playchess.com"]
[Source "ChessBase"]
[SourceQuality "1"]
[TimeControl "40/5400+30:900+30"]

1. e4 e5 2. Nf3 Nf6 3. Nxe5 d6 4. Nf3 Nxe4 5. d4 Bf5 6. Bd3 d5 7. O-O Be7 8. Re1 O-O 9. Nbd2 Nxd2 10. Bxf5 Nxf3+ 11. Qxf3 c6 12. Qh3 g6 13. Bd3 Bf6 14. Bh6 Re8 15. c3 Nd7 16. Re3 Rxe3 17. Bxe3 Bg7 18. Re1 Nf6 19. Bg5 Qd6 20. Qf3 Rc8 21. h4 h5 22. g3 Ng4 23. Qe2 c5 24. Be7 Qd7 25. Bxc5 b6 26. Ba3 Bf6 27. Kg2 Kg7 28. Qf3 Rg8 29. Bc2 Kh6 30. Bb3 g5 31. Qxd5 Qxd5+ 32. Bxd5 gxh4 33. Bxf7 Rg7 34. Bf8 hxg3 35. fxg3 Kh7 36. Bxg7 Kxg7 37. Bxh5 Nh6 38. g4 Kf8 39. d5 Nf7 40. Rf1 Kg7 41. Bxf7 a5 42. Be6 b5 43. d6 Bd8 44. d7 b4 45. Rf7+ Kg6 46. Rf8 bxc3 47. Rxd8 c2 48. Rc8 a4 49. d8=Q a3 50. Bf5+ Kh6 51. Qg8 c1=Q 52. Qg6# 1-0

[Event "7th Leer Open-B 2024"]
[Site "Leer"]
[Date "2024.10.31"]
[Round "1.9"]
[White "Fels, Mattis"]
[Black "Wessels, Keke"]
[Result "1-0"]
[ECO "B07"]
[WhiteElo "1714"]
[BlackElo "1508"]
[Annotator "NA RC"]
[PlyCount "38"]
[EventDate "2024.10.14"]
[EventType "swiss"]
[EventCountry "GER"]
[SourceTitle "playchess.com"]
[Source "ChessBase"]
[SourceQuality "1"]
[TimeControl "40/5400+30:900+30"]

1. d4 Nf6 2. Nc3 g6 3. Bf4 Bg7 4. e4 d6 5. Qd2 O-O 6. O-O-O Nbd7 7. f3 Re8 8. Bh6 Bh8 9. e5 Nh5 10. g4 Ng7 11. Bc4 b6 12. Qf4 Ne6 13. Bxe6 fxe6 14. Qe4 Rb8 15. h4 dxe5 16. dxe5 Bb7 17. Qc4 Bxe5 18. Qxe6+ Kh8 19. Rxd7 Bf4+ 1-0

[Event "7th Leer Open-B 2024"]
[Site "Leer"]
[Date "2024.10.31"]
[Round "1.9"]
[White "Rabe, Elina"]
[Black "Juergenpott, Maximilian"]
[Result "*"]
[ECO "B07"]
[WhiteElo "1515"]
[BlackElo "1678"]
[Annotator "NA RC"]
[PlyCount "21"]
[EventDate "2024.10.14"]
[EventType "swiss"]
[EventCountry "GER"]
[SourceTitle "playchess.com"]
[Source "ChessBase"]
[SourceQuality "1"]
[TimeControl "40/5400+30:900+30"]

1. d4 Nf6 2. Nc3 g6 3. Bf4 Bg7 4. e4 d6 5. Qd2 O-O 6. O-O-O Nbd7 7. f3 Re8 8. Bh6 Bh8 9. e5 Nh5 10. g4 Ng7 11. Bc4 *

[Event "7th Leer Open-B 2024"]
[Site "Leer"]
[Date "2024.10.31"]
[Round "1.10"]
[White "Fels, Mattis"]
[Black "Wessels, Keke"]
[Result "*"]
[ECO "D10"]
[WhiteElo "1714"]
[BlackElo "1508"]
[Annotator "NA RC"]
[PlyCount "26"]
[EventDate "2024.10.14"]
[EventType "swiss"]
[EventCountry "GER"]
[SourceTitle "playchess.com"]
[Source "ChessBase"]
[SourceQuality "1"]
[TimeControl "40/5400+30:900+30"]

1. d4 d5 2. c4 e6 3. e3 c6 4. cxd5 exd5 5. Nf3 Bg4 6. Qd3 Bd6 7. h3 Bh5 8. Be2 Nf6 9. Ne5 Bxe2 10. Qxe2 Qc7 11. f4 Ne4 12. Qg4 O-O 13. Nc3 Bb4 *

[Event "7th Leer Open-B 2024"]
[Site "Leer"]
[Date "2024.10.31"]
[Round "1.10"]
[White "Zanner, Marcel"]
[Black "Marzik, Arne"]
[Result "0-1"]
[ECO "D35"]
[WhiteElo "1628"]
[BlackElo "1780"]
[Annotator "NA RC"]
[PlyCount "78"]
[EventDate "2024.10.14"]
[EventType "swiss"]
[EventCountry "GER"]
[SourceTitle "playchess.com"]
[Source "ChessBase"]
[SourceQuality "1"]
[TimeControl "40/5400+30:900+30"]

1. d4 d5 2. c4 e6 3. Nc3 Nf6 4. cxd5 exd5 5. Bf4 c6 6. e3 Be7 7. h3 Bf5 8. Bd3 Bxd3 9. Qxd3 Nbd7 10. Nge2 O-O 11. O-O Ne8 12. f3 Nc7 13. e4 dxe4 14. fxe4 Ne6 15. Bh2 Nf6 16. Rad1 Qb6 17. Kh1 Rad8 18. Be5 Rd7 19. Qg3 Qd8 20. b4 Nh5 21. Qg4 Nf6 22. Qg3 $18 a6 23. h4 Nh5 24. Qg4 g6 25. d5 cxd5 26. exd5 Nc7 27. Nf4 Nxf4 28. Rxf4 Bd6 29. Bf6 Qc8 30. Rf5 Ne8 31. Ne4 Ng7 32. Nxd6 Rxd6 33. Rf4 Qxg4 34. Rxg4 Rxf6 35. d6 Rd8 36. d7 Ne6 37. Rc4 Kf8 38. Rc8 Ke7 39. a4 Rf4 0-1